General information
- name: BNet
- type: Ladder team game (AT/RT)
- host: Battle.net
- saver: doandsay
map: Battleground
- players: 8
- length: 19:18
- speed: Fast
- version: 1.28 W3XP
- replay type: Public
» download(193 KB)
Players
team 1 (winner)

»
JEFFO.net (
blue | 76 APM | 769 actions | 10:08)
3 Archmage
2 Summon Water Elemental
1 Brilliance Aura
» actions
| Assign group hotkey | 30 | |
| Basic commands | 39 | |
| Build / train | 53 | |
| Enter build submenu | 20 | |
| Enter hero's abilities submenu | 3 | |
| Give item / drop item | 1 | |
| Right click | 304 | |
| Select / deselect | 164 | |
| Select group hotkey | 110 | |
| Use ability | 45 | |
769 total
» units
| Peasant | 26 | |
| Footman | 6 | |
| Rifleman | 10 | |
42 total
» upgrades
» buildings
| Altar of Kings | 1 | |
| Barracks | 1 | |
| Farm | 6 | |
| Blacksmith | 1 | |
| Scout Tower | 8 | |
| Lumber Mill | 1 | |
| Arcane Tower | 3 | |
| Arcane Vault | 1 | |
| Guard Tower | 2 | |
| Town Hall | 1 | |
25 total
» build order
00:21 Altar of Kings
00:28 Barracks
00:36 Farm
00:59 Farm
01:44 Farm
02:45 Farm
02:49 Blacksmith
04:10 Scout Tower
04:21 Lumber Mill
04:24 Farm
04:40 Arcane Tower
04:40 Arcane Tower
05:28 Arcane Vault
06:01 Farm
07:53 Scout Tower
08:13 Arcane Tower
08:14 Scout Tower
08:26 Guard Tower
08:26 Guard Tower
08:29 Town Hall
08:52 Scout Tower
08:55 Scout Tower
09:00 Scout Tower
09:02 Scout Tower
10:01 Scout Tower

»
ELL_SuxK (
orange | 154 APM | 1487 actions | 09:39)
3 Demon Hunter
2 Mana Burn
1 Evasion
1 Mountain King
1 Storm Bolt
» actions
| Assign group hotkey | 17 | |
| Basic commands | 276 | |
| Build / train | 47 | |
| ESC pressed | 1 | |
| Enter build submenu | 9 | |
| Enter hero's abilities submenu | 4 | |
| Give item / drop item | 2 | |
| Right click | 293 | |
| Select / deselect | 192 | |
| Select group hotkey | 598 | |
| Use ability | 48 | |
1487 total
» units
| Wisp | 10 | |
| Huntress | 11 | |
| Rifleman | 3 | |
24 total
» buildings
| Altar of Elders | 1 | |
| Moon Well | 5 | |
| Hunter's Hall | 1 | |
| Ancient of War | 2 | |
| Tree of Ages | 2 | |
11 total
» build order
00:16 Altar of Elders
00:18 Moon Well
00:21 Moon Well
01:42 Hunter's Hall
01:48 Ancient of War
02:01 Ancient of War
02:13 Moon Well
02:38 Moon Well
03:18 Moon Well
07:37 Tree of Ages
07:37 Tree of Ages
» items
| Circlet of Nobility | 4 | |
| Dust of Appearance | 1 | |
| Scroll of Town Portal | 1 | |
| Scroll of Regeneration | 1 | |
7 total
Smaug (
teal | 107 APM | 827 actions | 07:44)
2 Archmage
1 Summon Water Elemental
1 Brilliance Aura
» actions
| Assign group hotkey | 15 | |
| Basic commands | 2 | |
| Build / train | 26 | |
| Enter build submenu | 15 | |
| Enter hero's abilities submenu | 2 | |
| Right click | 161 | |
| Select / deselect | 164 | |
| Select group hotkey | 422 | |
| Use ability | 20 | |
827 total
» units
| Peasant | 6 | |
| Footman | 5 | |
| Rifleman | 3 | |
14 total
» upgrades
| Masonry | 1 | |
| Gunpowder | 1 | |
| Lumber Harvesting | 1 | |
3 total
» buildings
| Altar of Kings | 1 | |
| Barracks | 2 | |
| Farm | 6 | |
| Scout Tower | 1 | |
| Lumber Mill | 1 | |
| Arcane Tower | 1 | |
| Blacksmith | 1 | |
| Arcane Vault | 1 | |
| Keep | 1 | |
15 total
» build order
00:12 Altar of Kings
00:15 Barracks
00:23 Farm
00:53 Farm
01:40 Farm
02:16 Scout Tower
02:23 Farm
02:32 Lumber Mill
02:45 Arcane Tower
03:35 Farm
04:07 Blacksmith
04:38 Arcane Vault
04:53 Keep
06:13 Barracks
06:37 Farm
» items
OWLM (
green | 65 APM | 1258 actions | 19:18)
5 Archmage
2 Summon Water Elemental
3 Brilliance Aura
» actions
| Assign group hotkey | 23 | |
| Basic commands | 33 | |
| Build / train | 62 | |
| Enter build submenu | 85 | |
| Enter hero's abilities submenu | 5 | |
| Give item / drop item | 1 | |
| Remove unit from queue | 3 | |
| Right click | 443 | |
| Select / deselect | 402 | |
| Select group hotkey | 64 | |
| Use ability | 137 | |
1258 total
» units
| Peasant | 18 | |
| Footman | 4 | |
| Dragonhawk Rider | 5 | |
| Hippogryph | 4 | |
31 total
» upgrades
| Masonry | 1 | |
| Lumber Harvesting | 1 | |
2 total
» buildings
| Altar of Kings | 1 | |
| Barracks | 1 | |
| Farm | 6 | |
| Scout Tower | 62 | |
| Arcane Tower | 3 | |
| Keep | 1 | |
| Arcane Vault | 1 | |
| Lumber Mill | 1 | |
| Town Hall | 2 | |
| Guard Tower | 11 | |
| Gryphon Aviary | 2 | |
| Castle | 1 | |
| Ancient of Wind | 3 | |
| Moon Well | 10 | |
105 total
» build order
00:49 Altar of Kings
00:51 Barracks
00:53 Farm
00:53 Farm
01:03 Farm
01:32 Farm
02:12 Scout Tower
02:42 Arcane Tower
03:39 Scout Tower
03:41 Keep
04:08 Arcane Vault
04:10 Arcane Tower
06:05 Lumber Mill
06:06 Scout Tower
07:20 Arcane Tower
07:55 Town Hall
07:57 Scout Tower
07:58 Scout Tower
07:59 Scout Tower
07:59 Scout Tower
08:03 Scout Tower
08:05 Scout Tower
08:10 Scout Tower
08:11 Scout Tower
08:12 Scout Tower
08:29 Guard Tower
09:14 Scout Tower
09:15 Scout Tower
09:16 Scout Tower
09:17 Scout Tower
10:13 Guard Tower
10:14 Scout Tower
10:15 Scout Tower
10:41 Scout Tower
10:44 Guard Tower
10:46 Scout Tower
10:46 Scout Tower
10:46 Scout Tower
11:12 Guard Tower
11:54 Scout Tower
11:55 Scout Tower
11:55 Scout Tower
11:55 Scout Tower
11:56 Scout Tower
11:57 Scout Tower
11:57 Scout Tower
12:02 Guard Tower
12:11 Scout Tower
12:12 Scout Tower
12:12 Scout Tower
12:13 Scout Tower
12:32 Guard Tower
12:35 Scout Tower
12:36 Scout Tower
12:37 Scout Tower
12:40 Gryphon Aviary
12:42 Gryphon Aviary
12:46 Guard Tower
12:58 Guard Tower
13:02 Castle
13:12 Scout Tower
13:12 Scout Tower
13:12 Scout Tower
13:13 Scout Tower
13:13 Scout Tower
13:20 Scout Tower
13:21 Scout Tower
13:23 Scout Tower
13:23 Scout Tower
13:23 Scout Tower
13:23 Scout Tower
13:24 Scout Tower
13:31 Guard Tower
13:40 Scout Tower
13:40 Scout Tower
13:41 Scout Tower
13:44 Ancient of Wind
13:45 Ancient of Wind
13:56 Ancient of Wind
14:00 Guard Tower
14:03 Scout Tower
14:03 Scout Tower
14:19 Farm
14:20 Farm
14:31 Guard Tower
15:00 Guard Tower
15:25 Moon Well
15:50 Moon Well
15:51 Moon Well
15:52 Moon Well
15:53 Moon Well
15:55 Moon Well
16:09 Guard Tower
16:59 Moon Well
17:01 Moon Well
17:02 Moon Well
17:03 Moon Well
17:12 Town Hall
17:19 Scout Tower
17:20 Scout Tower
17:20 Scout Tower
17:21 Scout Tower
17:21 Scout Tower
17:22 Scout Tower
17:22 Scout Tower
17:23 Scout Tower
17:23 Scout Tower
» items
| Scroll of Regeneration | 1 | |
| Scroll of Town Portal | 3 | |
4 total
team 2 (loser)
uvaalum102 (
red | 84 APM | 1587 actions | 18:57)
4 Blademaster
2 Wind Walk
2 Critical Strike
» actions
| Assign group hotkey | 14 | |
| Basic commands | 61 | |
| Build / train | 52 | |
| Enter build submenu | 19 | |
| Enter hero's abilities submenu | 4 | |
| Remove unit from queue | 1 | |
| Right click | 685 | |
| Select / deselect | 227 | |
| Select group hotkey | 430 | |
| Use ability | 94 | |
1587 total
» units
| Peon | 9 | |
| Raider | 7 | |
| Troll Batrider | 2 | |
| Tauren | 1 | |
| Kodo Beast | 1 | |
20 total
» upgrades
| Melee Weapons | 3 | |
| Armor | 1 | |
| Pillage | 1 | |
| Ensnare | 1 | |
| Liquid Fire | 1 | |
| Reinforced Defenses | 1 | |
| Pulverize | 1 | |
| War Drums Damage Increase | 1 | |
10 total
» buildings
| Altar of Storms | 1 | |
| Orc Burrow | 7 | |
| War Mill | 1 | |
| Voodoo Lounge | 1 | |
| Watch Tower | 2 | |
| Stronghold | 1 | |
| Beastiary | 3 | |
| Fortress | 1 | |
| Tree of Eternity | 1 | |
| Tauren Totem | 3 | |
21 total
» build order
00:15 Altar of Storms
00:18 Orc Burrow
00:50 War Mill
01:09 Voodoo Lounge
02:06 Watch Tower
02:39 Stronghold
02:59 Orc Burrow
03:46 Orc Burrow
04:46 Orc Burrow
05:05 Beastiary
05:17 Beastiary
05:19 Beastiary
10:17 Fortress
10:23 Orc Burrow
12:06 Orc Burrow
12:10 Orc Burrow
12:40 Tree of Eternity
12:55 Tauren Totem
12:57 Tauren Totem
12:59 Tauren Totem
13:24 Watch Tower
» items
| Healing Salve | 2 | |
| Lesser Clarity Potion | 3 | |
| Scroll of Speed | 2 | |
| Boots of Speed | 1 | |
| Staff of Teleportation | 1 | |
| Scroll of Town Portal | 2 | |
| Scroll of Protection | 1 | |
| Potion of Healing | 1 | |
13 total

»
1618 (
purple | 77 APM | 597 actions | 07:45)
3 Keeper of the Grove
2 Entangling Roots
1 Thorns Aura
» actions
| Assign group hotkey | 20 | |
| Basic commands | 7 | |
| Build / train | 31 | |
| ESC pressed | 7 | |
| Enter build submenu | 13 | |
| Enter hero's abilities submenu | 3 | |
| Give item / drop item | 1 | |
| Right click | 222 | |
| Select / deselect | 118 | |
| Select group hotkey | 143 | |
| Use ability | 32 | |
597 total
» units
| Wisp | 15 | |
| Archer | 6 | |
| Huntress | 1 | |
| Druid of the Talon | 1 | |
23 total
» upgrades
» buildings
| Altar of Elders | 1 | |
| Moon Well | 4 | |
| Ancient of War | 1 | |
| Ancient of Wonders | 2 | |
| Hunter's Hall | 1 | |
| Tree of Ages | 1 | |
| Tree of Eternity | 1 | |
| Ancient of Wind | 3 | |
14 total
» build order
00:57 Altar of Elders
01:00 Moon Well
01:23 Ancient of War
01:47 Moon Well
02:10 Ancient of Wonders
02:24 Hunter's Hall
03:40 Tree of Ages
04:33 Moon Well
06:05 Moon Well
06:08 Ancient of Wonders
06:18 Tree of Eternity
06:24 Ancient of Wind
06:24 Ancient of Wind
06:25 Ancient of Wind
» items
junglejane1 (
pink | 72 APM | 1345 actions | 18:41)
5 Death Knight
3 Death Coil
2 Unholy Aura
3 Lich
2 Frost Nova
1 Dark Ritual
» actions
| Assign group hotkey | 32 | |
| Build / train | 83 | |
| ESC pressed | 2 | |
| Enter build submenu | 13 | |
| Enter hero's abilities submenu | 8 | |
| Remove unit from queue | 3 | |
| Right click | 625 | |
| Select / deselect | 396 | |
| Select group hotkey | 115 | |
| Use ability | 68 | |
1345 total
» units
| Acolyte | 2 | |
| Ghoul | 3 | |
| Crypt Fiend | 8 | |
| Druid of the Talon | 6 | |
| Frost Wyrm | 3 | |
| Gargoyle | 6 | |
| Hippogryph | 14 | |
42 total
» upgrades
| Creature Attack | 3 | |
| Web | 1 | |
| Burrow | 1 | |
| Freezing Breath | 1 | |
| Druid of the Talon Training | 0 | |
6 total
» buildings
| Crypt | 1 | |
| Graveyard | 1 | |
| Ziggurat | 6 | |
| Altar of Darkness | 1 | |
| Tomb of Relics | 1 | |
| Halls of the Dead | 2 | |
| Black Citadel | 2 | |
| Sacrificial Pit | 1 | |
| Boneyard | 2 | |
17 total
» build order
00:19 Crypt
00:24 Graveyard
00:34 Ziggurat
00:47 Altar of Darkness
01:22 Ziggurat
01:47 Tomb of Relics
03:35 Halls of the Dead
03:35 Halls of the Dead
03:50 Ziggurat
05:26 Ziggurat
07:16 Black Citadel
07:16 Black Citadel
07:19 Sacrificial Pit
10:04 Boneyard
10:04 Boneyard
10:15 Ziggurat
10:16 Ziggurat
» items
| Rod of Necromancy | 7 | |
| Orb of Corruption | 1 | |
| Potion of Mana | 1 | |
9 total
doandsay (
yellow | 100 APM | 1935 actions | 19:18)
4 Archmage
2 Summon Water Elemental
2 Brilliance Aura
3 Goblin Alchemist
1 Healing Spray
2 Acid Bomb
» actions
| Assign group hotkey | 61 | |
| Basic commands | 149 | |
| Build / train | 89 | |
| ESC pressed | 28 | |
| Enter build submenu | 33 | |
| Enter hero's abilities submenu | 7 | |
| Give item / drop item | 3 | |
| Remove unit from queue | 1 | |
| Right click | 473 | |
| Select / deselect | 313 | |
| Select group hotkey | 618 | |
| Use ability | 160 | |
1935 total
» units
| Peasant | 12 | |
| Footman | 5 | |
| Rifleman | 7 | |
| Dragonhawk Rider | 2 | |
| Gryphon Rider | 3 | |
29 total
» upgrades
| Long Rifles | 1 | |
| Gunpowder | 2 | |
| Masonry | 2 | |
| Armor | 1 | |
| Lumber Harvesting | 1 | |
| Swords | 3 | |
| Animal War Training | 1 | |
11 total
» buildings
| Farm | 10 | |
| Altar of Kings | 2 | |
| Barracks | 1 | |
| Lumber Mill | 1 | |
| Arcane Vault | 1 | |
| Blacksmith | 1 | |
| Keep | 2 | |
| Town Hall | 1 | |
| Scout Tower | 11 | |
| Guard Tower | 13 | |
| Gryphon Aviary | 2 | |
| Moon Well | 4 | |
| Castle | 3 | |
52 total
» build order
01:13 Farm
01:17 Altar of Kings
01:19 Altar of Kings
01:21 Barracks
01:23 Farm
01:31 Farm
01:42 Lumber Mill
02:00 Arcane Vault
02:31 Blacksmith
02:52 Farm
04:02 Keep
04:03 Keep
04:32 Farm
05:27 Farm
09:14 Town Hall
09:15 Scout Tower
09:16 Scout Tower
09:17 Scout Tower
09:17 Scout Tower
09:27 Scout Tower
09:28 Scout Tower
09:29 Scout Tower
09:55 Guard Tower
09:55 Guard Tower
10:28 Guard Tower
10:28 Guard Tower
10:40 Gryphon Aviary
10:56 Gryphon Aviary
11:39 Moon Well
11:40 Moon Well
11:41 Moon Well
11:42 Moon Well
11:51 Castle
11:51 Castle
11:51 Castle
13:32 Farm
13:35 Farm
13:38 Farm
13:43 Scout Tower
13:46 Scout Tower
14:19 Farm
14:21 Guard Tower
14:22 Guard Tower
14:22 Guard Tower
14:22 Guard Tower
14:22 Guard Tower
14:23 Guard Tower
14:24 Scout Tower
14:28 Scout Tower
14:59 Guard Tower
15:00 Guard Tower
15:00 Guard Tower
» items
| Scroll of Regeneration | 6 | |
| Mechanical Critter | 2 | |
| Staff of Teleportation | 2 | |
| Potion of Lesser Invulnerability | 1 | |
| Scroll of Town Portal | 1 | |
| Orb of Lightning | 1 | |
| Tiny Great Hall | 1 | |
14 total
Chat log
(00:06 / Allies) uvaalum102: bm harassing
(00:08 / Allies) uvaalum102: beastary here
(00:29 / All) junglejane1: booo
(00:33 / All) uvaalum102: gl hf
(05:12 / Allies) junglejane1: walking
(06:12 / Allies) 1618: ty
(06:23 / Allies) uvaalum102: gold?
(06:24 / Allies) uvaalum102: 1-200 really helps
(06:26 / Allies) uvaalum102: i repay double
(06:37 / Allies) 1618: dont repay
(06:38 / Allies) 1618: i good
(07:16 / Allies) uvaalum102: 3
(07:48 / All) doandsay: wtf
(08:11 / All) doandsay: the fuck was that
(08:13 / Allies) uvaalum102: someone take pls
(08:14 / All) doandsay: why'd they leave lol
(08:21 / All) OWLM: who can say
(08:41 / All) OWLM: Faggot fucking hacker red
(08:50 / All) OWLM: red hacks 100%
(08:56 / All) OWLM: Where is his bsae
(09:12 / All) doandsay: bot out
(09:17 / All) uvaalum102: way to build expo in middle of map
(09:19 / All) OWLM: WOW
(09:24 / All) OWLM: why you harassing top hacker?
(09:29 / All) OWLM: you went for hte base without a man tower
(09:36 / All) OWLM: now you go to him when he's building fukcing toewr LOL
(09:36 / All) OWLM: hacker
(10:04 / All) doandsay: wow this game is pozzed
(10:06 / All) doandsay: 3 leavers already
(10:10 / All) doandsay: jesus
(10:27 / All) uvaalum102: i made teal tp
(10:30 / All) uvaalum102: u are in corner
(10:34 / All) uvaalum102: next was blue
(10:39 / All) OWLM: K hacker
(10:49 / All) uvaalum102: expo in middle more
(11:06 / All) OWLM: harass perfect base opposite you on map more
(11:13 / All) doandsay: mass raiders
(11:15 / All) doandsay: perfect hacker strat
(11:23 / Allies) doandsay: lumber plz
(11:30 / All) uvaalum102: perfect when u dont want a counter
(13:54 / All) junglejane1: booooring
(14:08 / All) junglejane1: aren't you bored kid?
(14:33 / All) uvaalum102: afk. ..
(14:39 / Allies) junglejane1: no he isng
(15:25 / All) uvaalum102: lol nice towers
(16:51 / All) OWLM: nice one hacker
(16:56 / All) doandsay: hacker down
(17:02 / All) uvaalum102: ?
(17:06 / All) uvaalum102: srsly i dont hack
(17:15 / All) uvaalum102: lol
(17:21 / All) doandsay: You and pink lose
(17:24 / All) doandsay: no hackers on my bnet
(17:32 / All) doandsay: if blizz won't ban them, I'll give them losses
(17:39 / All) doandsay: I DO BNET A FAVOUR TODAY
(17:42 / All) uvaalum102: know the best complement?
(17:55 / All) uvaalum102: when opp thinks you hack cause you beat them so bad
(17:56 / All) OWLM: durrrr
(18:00 / All) uvaalum102: but you dont hack ....
(18:02 / All) uvaalum102: lol
(18:04 / All) doandsay: just what a hacker would say
(18:08 / All) OWLM: I run across to perfect spot all the way opposite side of map
(18:11 / All) OWLM: I don't hack bro!
(18:23 / All) OWLM: what a compliment!
(18:28 / All) uvaalum102: i run across cause the timing works beter , i watch replays, and i dont want the counter
(18:37 / All) uvaalum102: last time you watched a replay?
(18:41 / All) OWLM: lawl?
(18:50 / All) doandsay: You lose red
(18:53 / All) uvaalum102: i dont hack but you certainly TK
(18:54 / All) doandsay: Leave and quit whining
(18:56 / All) OWLM: You ran across opposite side of map and your excuse is timing of ar eplay?
(19:07 / All) doandsay: surprised he did what i told him there
(19:10 / All) OWLM: lalw
(19:15 / All) doandsay: red lose?
(19:17 / All) OWLM: Yeah